 Dungeon Crawl Stone Soup version 0.30.1 (webtiles) character file.

Game seed: 14420177297975916514

60 Descartes the Ducker (level 3, -3/16 HPs)
             Began as a Felid Transmuter on July 10, 2023.
             Slain by a gnoll
             ... wielding a +0 whip
              (9 damage)
             ... on level 2 of the Dungeon.
             The game lasted 00:02:02 (1553 turns).

Descartes the Ducker (Felid Transmuter)             Turns: 1553, Time: 00:02:03

Health: -3/16      AC:  1    Str:  8    XL:     3   Next: 82%
Magic:  7/7        EV: 18    Int: 14    God:
Gold:   65         SH:  0    Dex: 16    Spells: 5/6 levels left
                                        Lives:  0   Deaths: 0

rFire   . .          .
                       - Unarmed
rCold   . . .        (shield unavailable)
rNeg    . . .        (body armour unavailable)
rPois   .            (helmet unavailable)
rElec   .            (cloak unavailable)
rCorr   .            (gloves unavailable)
SInv    +            (boots unavailable)
Will    .....        (no amulet)
Stlth   +            (no ring)
HPRegen 0.22/turn    (no ring)
MPRegen 0.10/turn

%: no passive effects
@: appendages (expiring), quick
A: horns 2, very small, claws 1, fangs 3, see invisible, speed 1, shaggy fur 1,
stealthy paws, no weapons or thrown items, no armour, multi-lived
a: End Transformation


You were on level 2 of the Dungeon.
You had temporarily grown beastly horns.
You visited 1 branch of the dungeon, and saw 3 of its levels.

You collected 65 gold pieces.

Inventory:

Jewellery
 i - an amulet of reflection
Scrolls
 b - a scroll of immolation {unknown}
 c - a scroll of noise {unknown}
 e - 2 scrolls of identify {unknown}
 f - 2 scrolls of teleportation {unknown}
 l - a scroll of enchant weapon {unknown}
 m - a scroll of amnesia {unknown}
Potions
 a - a potion of lignification
 d - 2 potions of brilliance {unknown}
 g - a potion of curing {unknown}
 h - 3 potions of heal wounds {unknown}
 j - a potion of might {unknown}
 k - a potion of degeneration {unknown}
 n - a potion of flight {unknown}


   Skills:
 + Level 1.9 Fighting
 + Level 3.4 Dodging
 + Level 3.4 Unarmed Combat
 + Level 2.4 Spellcasting
 + Level 2.8 Transmutations


You had 5 spell levels left.
You knew the following spells:

 Your Spells              Type           Power      Damage    Failure   Level
a - Beastly Appendage     Tmut           18%        N/A       8%          1

Your spell library contained the following spells:

 Spells                   Type           Power      Damage    Failure   Level
 Wereblood                Tmut           9%         N/A       11%         2
 Spider Form              Tmut/Pois      5%         N/A       36%         3
 Ice Form                 Ice/Tmut       5%         N/A       77%         4


Dungeon Overview and Level Annotations

Branches:
Dungeon (3/15)

Altars:


Innate Abilities, Weirdness & Mutations

You have temporarily grown beastly horns.
You have sharp claws.
You have razor-sharp teeth.
You have supernaturally acute eyesight. (SInv)
You cover ground quickly. (Speed+)
You are covered in fur. (AC +1)
Your paws help you pounce on unaware monsters.
You are incapable of wielding weapons or throwing items.
You cannot wear armour.
You gain extra lives every three experience levels.


Message History

Your transformation is almost over.
The gnoll hits you with a +0 flail.
You closely miss the gnoll. The adder barely misses you.
A gnoll comes into view. It is wielding a +0 whip.
The gnoll misses you.
You scratch the gnoll.
The gnoll is heavily wounded.
The adder barely misses you. The gnoll closely misses you.
The adder completely misses you.
You barely miss the gnoll.
The gnoll is heavily wounded.
A gnoll comes into view. It is wielding a +0 whip.
The gnoll closely misses you. The adder bites you.
You barely miss the gnoll. You headbutt the gnoll.
The gnoll is severely wounded.
The gnoll misses you. The gnoll hits you with a +0 whip.
The adder barely misses you.
You are too injured to fight recklessly!
You are too injured to fight recklessly!
You are too injured to fight recklessly!
You are too injured to fight recklessly!
You are too injured to fight recklessly!
You are too injured to fight recklessly!
You are too injured to fight recklessly!
You are too injured to fight recklessly!
You are too injured to fight recklessly!
You are too injured to fight recklessly!
You are too injured to fight recklessly!
You are too injured to fight recklessly!
You are too injured to fight recklessly!
Unknown command.
The gnoll misses you.
There is a stone staircase leading up here.
The adder barely misses you. The gnoll misses you.
The adder closely misses you.
You climb upwards.
There is a stone staircase leading down here.
You closely miss the adder. The gnoll hits you with a +0 whip!
Ouch! That really hurt!
You die...

######
#..#.⌠.#≈≈#.⌠.#..).#
.....#
#..#...#≈~#...#.#..#
####.#
#...###~..~###..##.#
#.#
#..............^##.#
#.#
######....#.#.####.#
#.# ##.#.....#
#.#### #.# #.#.#####
#.(..# ####.####
#.#g# ####.#
#.......######.#@#
#.#
#..............#S#
#.#
#.......########.#
#.#
..........<......#
#.#
#.......#####.####
#.# #.......# #.#
#.### #.......# #.#
#...#
#############.#
###.#
......##......# #.#


You could see a gnoll and an adder.

Vanquished Creatures
  An adder (D:2)
  A worm (D:2)
  A dart slug (D:1)
  An orc (D:2)
  2 ball pythons
  6 bats
  2 endoplasms (D:1)
  A giant cockroach (D:2)
  6 goblins
  4 hobgoblins
  6 kobolds
  4 quokkas
  4 frilled lizards
  3 rats (D:2)
42 creatures vanquished.

Notes
Turn   | Place    | Note
-------+----------+-------------------------------------------
     0 | D:1      | Descartes the Felid Transmuter began the quest for the Orb.
     0 | D:1      | Reached XP level 1. HP: 9/9 MP: 4/4
   177 | D:1      | Reached XP level 2. HP: 10/12 MP: 4/6
   587 | D:1      | Reached XP level 3. HP: 15/15 MP: 5/7
   769 | D:2      | Found a faded altar of an unknown god.
  1553 | D:2      | Slain by a gnoll

Illustrated notes

Levels and vault maps discovered:
D:1:      minmay_arrival_doors, layout_loops_cross
D:2:      layout_loops_ring, ebering_ecumenical_altar_sacrificial,
          serial_bayou_pond_b, fountainhead
D:3:      layout_basic

Skill      XL: |  1  2 |
---------------+-------+-----
Dodging        | 3 |  3.4
Fighting       | |  1.9
Unarmed Combat | |  3.4
Spellcasting   | |  2.4
Transmutations | |  2.8

Action                     || total
---------------------------++-------
  Melee: Unarmed           ||   108
         Headbutt          ||    12
         Bite              ||     9
         Punch             ||     1
   Cast: Beastly Appendage ||    31
   Stab: Sleeping          ||     1
 Armour: Skin              ||     3
  Dodge: Dodged            ||    83
